 Dungeon Crawl Stone Soup version 0.28-a0-105-g49a0850c41 (webtiles) character file.

Game seed: 6954669488792015388

50 Rennog the Skirmisher (level 3, -8/30 HPs)
             Began as a Demonspawn Wanderer on Aug 11, 2021.
             Was a Plaything of Xom.
             Mangled by a gnoll (9 damage)
             ... on level 2 of the Dungeon.
             The game lasted 00:02:11 (1379 turns).

Rennog the Skirmisher (Demonspawn Wanderer)         Turns: 1379, Time: 00:02:11

Health: -8/30      AC:  2    Str:  9 (11) XL:     3   Next: 55%
Magic:  3/3        EV: 11    Int: 11      God:    Xom [.*....]
Gold:   85         SH:  0    Dex: 12      Spells: 2/2 levels left

rFire   . . .      SeeInvis .   a - +2 hand axe
rCold   . . .      Faith    .   (no shield)
rNeg    . . .      Spirit   .   e - +0 robe
rPois   .          Reflect  .   (no helmet)
rElec   .          Harm     .   (no cloak)
rCorr   .          Rampage  .   (no gloves)
Will    .....                   (no boots)
Stlth   ++........              (no amulet)
HPRegen 0.10/turn               (no ring)
MPRegen 0.08/turn               (no ring)

@: no status effects
A: talons 1, clumsy 1, deterioration 1, dopey 1
a: Renounce Religion


You were on level 2 of the Dungeon.
You worshipped Xom.
You were a plaything of Xom.
You visited 1 branch of the dungeon, and saw 2 of its levels.

You collected 85 gold pieces.

Inventory:

Hand Weapons
 a - a +2 hand axe (weapon)
 b - a +0 shortbow
 f - a +0 dagger
Missiles
 c - 65 arrows
Armour
 e - a +0 robe (worn)
Scrolls
 g - 2 scrolls of identify {unknown}
 i - a scroll of summoning {unknown}
Potions
 h - a potion of degeneration {unknown}
 j - a potion of cancellation {unknown}
Miscellaneous
 d - a piece from Xom's chessboard (14/15) (quivered)


   Skills:
 + Level 4.0 Fighting
 - Level 1.7 Axes
 - Level 1.7 Staves
 - Level 1.7 Stealth
 - Level 1.0 Shields
 - Level 1.0 Evocations


You had 2 spell levels left.
You didn't know any spells.
Your spell library was empty.

Dungeon Overview and Level Annotations

Branches:
Dungeon (2/15)

Altars:
Wu Jian
Xom

Shops:
D:1 [   D:2 ?


Innate Abilities, Weirdness & Mutations

You have sharp toenails.
You are clumsy. (Dex -2)
Your body sometimes deteriorates upon taking damage.
You are dopey. (Int -2)


Message History

The gnoll hits you from afar with a +0 spear.
* * * LOW HITPOINT WARNING * * *
You are too injured to fight recklessly!
You are too injured to fight recklessly!
You are too injured to fight recklessly!
You are too injured to fight recklessly!
You are too injured to fight recklessly!
You are too injured to fight recklessly!
You are too injured to fight recklessly!
You are too injured to fight recklessly!
You are too injured to fight recklessly!
You are too injured to fight recklessly!
You are too injured to fight recklessly!
You are too injured to fight recklessly!
You are too injured to fight recklessly!
You are too injured to fight recklessly!
You are too injured to fight recklessly!
You are too injured to fight recklessly!
You are too injured to fight recklessly!
You are too injured to fight recklessly! "This might be better!"
The gnoll seems to grow stronger.
There is an open door here.
Found 10 stones.
A frilled lizard comes into view.
The frilled lizard hisses angrily.
Xom decides to shift things around a little.
The gnoll blinks! x2
The gnoll barely misses you.
The gnoll shouts!
There is an entrance to Poumal's Magic Scroll Boutique here.
The frilled lizard unfolds its giant frill.
The gnoll hits you with a +0 spear!
* * * LOW HITPOINT WARNING * * *
A shower of butterflies erupts from you!
You make a move on Xom's chessboard...
The gnoll is moving more slowly.
The gnoll closely misses your butterfly.
The gnoll hits you with a +0 spear!
You die...
Xom cackles wildly!

.... ...... #.#
...### #.# ######
# #.# #....# # #.#
#....# # ###.#
#....# # #...#
#....####### #
#.#b###l.......(..
#
#.8bg@bg8g........
###b######.g......
#.##............
#.##............
#g##.....g#####+#
#g##.§.g..# #.#
#.##......# #.#
#.##§.....# #.#
#..'......# #.#


You could see 4 gnolls and a frilled lizard.

Vanquished Creatures
  A gnoll (D:2)
  5 ball pythons
  An endoplasm (D:1)
  A goblin (D:1)
  5 hobgoblins (D:1)
  2 jackals (D:1)
  3 bats (D:1)
  A frilled lizard (D:1)
19 creatures vanquished.

Vanquished Creatures (collateral kills)
  3 gnolls (D:2)
  A kobold (D:2)
4 creatures vanquished.

Vanquished Creatures (others)
  A plant (D:1)
1 creature vanquished.

Grand Total: 24 creatures vanquished

Notes
Turn   | Place    | Note
-------+----------+-------------------------------------------
     0 | D:1      | Rennog the Demonspawn Wanderer began the quest for the Orb.
     0 | D:1      | Rennog set off with the following items: a +2 hand axe, a
                  | +0 shortbow, 24 arrows, a piece from Xom's chessboard
                  | (15/15), a +0 robe, a +0 dagger
     0 | D:1      | Reached XP level 1. HP: 16/16 MP: 1/1
   287 | D:1      | Found Joav's Antique Armour Shop.
   517 | D:1      | Gained mutation: You have sharp toenails. [demonic
                  | ancestry]
   517 | D:1      | Reached XP level 2. HP: 21/23 MP: 2/2
   774 | D:1      | Reached skill level 3 in Fighting
   852 | D:1      | Found a faded altar of an unknown god.
   975 | D:1      | Became a worshipper of Xom of Chaos
  1044 | D:2      | XOM: potion effect (might)
  1045 | D:2      | XOM: butterfly on damage
  1046 | D:2      | XOM: cast spell 'Summon Ice Beast'
  1048 | D:2      | Reached XP level 3. HP: 19/29 MP: 3/3
  1055 | D:2      | Reached skill level 4 in Fighting
  1137 | D:2      | XOM: give mutations
  1137 | D:2      | Gained mutation: Your body sometimes deteriorates upon
                  | taking damage. [Xom's mischief]
  1137 | D:2      | Gained mutation: You are clumsy. (Dex -2) [Xom's mischief]
  1226 | D:2      | XOM: give mutation
  1226 | D:2      | Gained mutation: You are dopey. (Int -2) [Xom's mischief]
  1275 | D:2      | Found an ornate altar of the Wu Jian Council.
  1288 | D:2      | XOM: noise
  1353 | D:2      | Found Poumal's Magic Scroll Boutique.
  1365 | D:2      | XOM: enchant monster (bad)
  1373 | D:2      | XOM: blink monster(s)
  1378 | D:2      | HP: 1/30 [gnoll (8)]
  1378 | D:2      | XOM: butterfly on damage
  1379 | D:2      | Mangled by a gnoll

Illustrated notes

Levels and vault maps discovered:
D:1:      minmay_arrival_checkered_box, layout_rooms, serial_shops,
          nicolae_shop_overgrown_old_shop, hellmonk_ecumenical_altar_dog_temple
D:2:      layout_basic, serial_shops, shop_statue, shop, shop, basic_altar

Skill      XL: |  1  2  3 |
---------------+----------+-----
Fighting       | 3 4 |  4.0
Axes           | |  1.7
Staves         | |  1.7
Stealth        | |  1.7
Shields        | |  1.0
Evocations     | |  1.0

Action                   || total
-------------------------++-------
Melee: Hand axe          ||    52
       Kick              ||    12
Evoke: Piece from Xom's  ||     1
 Stab: Distracted        ||     1
       Sleeping          ||     1
Armor: Robe              ||     8
Dodge: Dodged            ||    37

Table legend: (Time is in decaauts)
 A = Elapsed time spent in this place.
 B = Non-inter-level travel time spent in this place.
 C = Inter-level travel time spent in this place.
 D = Time resting spent in this place.
 E = Time spent auto-exploring this place.
 F = Levels seen in this place.
 G = Mean time per level.
                   A        B        C        D        E       F      G
               +--------+--------+--------+--------+--------+-----+--------+
         Total |   1390 |   1339 |     51 |      0 |   1152 |   2 |  695.0 |
       Dungeon |   1390 |   1339 |     51 |      0 |   1152 |   2 |  695.0 |
               +--------+--------+--------+--------+--------+-----+--------+

Top non-repeatable levels by time:
     D:1: 1018 daAuts
     D:2: 372 daAuts
